 Dungeon Crawl Stone Soup version 0.29.1-12-g30fa7ad0bf (webtiles) character file.

Game seed: 2232078204610054554

2744 arthad the Digger (level 9, 0/51 HPs)
             Began as a Gargoyle Earth Elementalist on Dec 29, 2022.
             Was a Believer of Vehumet.
             Slain by a two-headed ogre
             ... wielding a +0 giant club
              (16 damage)
             ... on level 9 of the Dungeon.
             The game lasted 00:22:12 (9019 turns).

arthad the Digger (Gargoyle Earth Elementalist)     Turns: 9019, Time: 00:22:12

Health: 0/51       AC: 16    Str: 12    XL:     9   Next: 68%
Magic:  0/16       EV: 11    Int: 20    God:    Vehumet [**....]
Gold:   367        SH:  0    Dex: 10    Spells: 9/18 levels left

rFire   . . .      SeeInvis .   n - +7 whip "Exzineutt" {freeze, rN+ Stlth+}
rCold   . . .      Faith    .   (no shield)
rNeg    + + .      Spirit   .   y - +0 acid dragon scales
rPois   ∞          Reflect  .   c - +2 helmet
rElec   +          Harm     .   J - +0 cloak
rCorr   +          Rampage  .   (no gloves)
Will    +....                   (no boots)
Stlth   ++++......              (no amulet)
HPRegen 0.17/turn               i - ring of wizardry
MPRegen 0.15/turn               v - ring of willpower

@: no status effects
A: sickness immunity, AC +6, negative energy resistance 1, electricity
resistance, torment resistance 1, petrification resistance
a: Renounce Religion


You were on level 9 of the Dungeon.
You worshipped Vehumet.
Vehumet was pleased with you.
You visited 2 branches of the dungeon, and saw 10 of its levels.
You also visited: Sewer.

You collected 367 gold pieces.

Inventory:

Hand Weapons
 j - a +1 vampiric flail
 n - the +7 whip "Exzineutt" (weapon) {freeze, rN+ Stlth+}
   (You found it on level 2 of the Dungeon)

   It freezes those it strikes, dealing additional cold damage.
   It can also slow down cold-blooded creatures.
   rN:        It protects you from negative energy.
   Stlth:     It makes you more stealthy.
 I - a +4 quarterstaff of chaos
Armour
 a - a +1 robe
 c - a +2 helmet (worn)
 y - +0 acid dragon scales (worn)
 J - a +0 cloak (worn)
 K - an orb of guile
Magical Staves
 D - a staff of air
Jewellery
 i - a ring of wizardry (left hand)
 v - a ring of willpower (right hand)
Wands
 o - a wand of digging (8)
 t - a wand of iceblast (3)
 w - a wand of light (14)
 B - a wand of charming (7)
Scrolls
 e - 8 scrolls of teleportation
 h - 2 scrolls of enchant armour
 k - 3 scrolls of immolation {unknown}
 l - 3 scrolls of noise
 m - 4 scrolls of fog
 p - 2 scrolls of fear
 q - a scroll of vulnerability {unknown}
 r - a scroll of magic mapping {unknown}
 E - a scroll of blinking
 F - a scroll of identify
 G - a scroll of enchant weapon
Potions
 b - 2 potions of magic
 d - 6 potions of heal wounds
 f - a potion of resistance
 g - 2 potions of degeneration
 s - 2 potions of lignification {unknown}
 u - a potion of mutation {unknown}
 x - a potion of invisibility {unknown}
 z - a potion of might {unknown}
 A - a potion of flight {unknown}
 C - a potion of haste {unknown}
 H - 2 potions of curing {unknown}


   Skills:
 + Level 3.4 Fighting
 + Level 3.1 Maces & Flails
 + Level 3.5 Dodging
 * Level 6.5 Stealth
 * Level 5.1 Spellcasting
 * Level 5.6 Conjurations
 + Level 2.8 Transmutations
 * Level 7.2 Earth Magic
 + Level 2.1 Evocations


You had 9 spell levels left.
You knew the following spells:

 Your Spells              Type           Power      Damage    Failure   Level
a - Sandblast             Erth           68%        2d15      1%          1
b - Stone Arrow           Conj/Erth      60%        3d10      1%          3
c - Petrify               Tmut/Erth      25%        N/A       9%          4
d - Magic Dart            Conj           100%       1d8       1%          1

Your spell library contained the following spells:

 Spells                   Type           Power      Damage    Failure   Level
 Freeze                   Ice            20%        1d4       7%          1
 Passwall                 Tmut/Erth      20%        N/A       1%          2


Dungeon Overview and Level Annotations

Branches:
Dungeon (9/15)             Temple (1/1) D:4           Sewer (visited)
   Lair: D:8-11         Orc: D:9-12

Altars:
Cheibriados
Dithmenos
Elyvilon
Fedhas
Gozag
Kikubaaqudgha
Nemelex Xobeh
Okawaru
Qazlal
Ru
Sif Muna
Trog
Uskayaw
Vehumet
Xom
Yredelemnul
Zin
The Shining One

Shops:
D:7 =   D:8 =


Innate Abilities, Weirdness & Mutations

You are immune to sickness and miasma.
Your stone body is resilient. (AC +6)
You are immune to poison.
You resist negative energy. (rN+)
You are resistant to electric shocks. (rElec)
You are resistant to unholy torment.
You are immune to petrification.


Message History

Vehumet accepts your kill.
You feel your power returning.
Casting: Sandblast (safe; 1% risk of failure)
Confirm with . or Enter, or press ? or * to list all spells.
Aiming: Stone Arrow (safe; 1% risk of failure)
Press: ? - help, Shift-Dir - straight line, f - two-headed ogre
Aim: a two-headed ogre, wielding a +0 giant club and a +0 dire flail (88% to hit)
The stone arrow hits the two-headed ogre!
The two-headed ogre is moderately wounded.
Casting: Stone Arrow (safe; 1% risk of failure)
Confirm with . or Enter, or press ? or * to list all spells.
Aiming: Stone Arrow (safe; 1% risk of failure)
Press: ? - help, Shift-Dir - straight line, f/p - two-headed ogre
Aim: a two-headed ogre, wielding a +0 giant club and a +0 dire flail (moderately wounded, 88% to hit)
The stone arrow misses the two-headed ogre.
Casting: Stone Arrow (safe; 1% risk of failure)
Confirm with . or Enter, or press ? or * to list all spells.
Aiming: Stone Arrow (safe; 1% risk of failure)
Press: ? - help, Shift-Dir - straight line, f/p - two-headed ogre
Aim: a two-headed ogre, wielding a +0 giant club and a +0 dire flail (moderately wounded, 88% to hit)
The stone arrow hits the two-headed ogre!
The two-headed ogre is heavily wounded.
The two-headed ogre barely misses you.
The two-headed ogre hits you with a +0 dire flail.
Unknown command.
Aiming: Sandblast (safe; 1% risk of failure)
Press: ? - help, Q - select action, (/) - cycle Shift-Dir - straight line, f/p - two-headed ogre
Aim: a two-headed ogre, wielding a +0 giant club and a +0 dire flail (heavily wounded, 92% to hit)
The blast of sand hits the two-headed ogre.
The two-headed ogre is severely wounded.
The two-headed ogre hits you with a +0 giant club!
The two-headed ogre hits you with a +0 dire flail!
Unknown command.
Aiming: Sandblast (safe; 1% risk of failure)
Press: ? - help, Q - select action, (/) - cycle Shift-Dir - straight line, f/p - two-headed ogre
Aim: a two-headed ogre, wielding a +0 giant club and a +0 dire flail (severely wounded, 92% to hit)
The blast of sand hits the two-headed ogre.
The two-headed ogre is severely wounded.
The two-headed ogre hits you with a +0 giant club!
You die...

#.. #.#
#............. #
#..........#.#.#
#..........#)#)
...........#.)
...........#O#
..........##@#
..........##.#
.............#
..######.#.###
#...#.# #.###.#
########.###.#
#..........#.#
#........(.#.#


You could see a two-headed ogre.

Vanquished Creatures
  A hornet (D:9)
  Sigmund (D:6)
  A steam dragon (D:8)
  An acid dragon (D:7)
  2 water moccasins (D:8)
  An ice beast (D:8)
  An orc warrior (D:9)
  A sky beast (D:8)
  A black bear (D:6)
  A centaur (D:8)
  A kobold brigand (D:9)
  A scorpion (D:6)
  3 bullfrogs
  3 necrophages
  3 wights (D:8)
  A howler monkey (D:6)
  An electric eel (D:7)
  A hound (D:7)
  An orc priest (D:6)
  Crazy Yiuf (D:7)
  A gnoll bouda (D:6)
  3 jellies
  3 iguanas
  2 orc wizards
  13 gnolls
  12 adders
  A river rat (Sewer)
  3 shadow imps
  A worm (D:5)
  4 dart slugs
  22 orcs
  9 endoplasms
  5 giant cockroaches
  7 goblins
  6 hobgoblins
  8 quokkas
  14 ball pythons
  2 bats
  5 frilled lizards
  11 kobolds
  24 rats
183 creatures vanquished.

Vanquished Creatures (collateral kills)
  2 ball pythons (Sewer)
  2 frilled lizards (Sewer)
4 creatures vanquished.

Vanquished Creatures (others)
  2 plants
2 creatures vanquished.

Grand Total: 189 creatures vanquished

Notes
Turn   | Place    | Note
-------+----------+-------------------------------------------
     0 | D:1      | arthad the Gargoyle Earth Elementalist began the quest for
                  | the Orb.
     0 | D:1      | Reached XP level 1. HP: 10/10 MP: 3/3
   264 | D:1      | You fall into a shaft and drop 1 floor!
   274 | D:1      | Reached XP level 2. HP: 15/15 MP: 3/5
   332 | D:1      | Reached skill level 1 in Conjurations
   483 | D:1      | Reached XP level 3. HP: 19/19 MP: 4/6
   531 | D:1      | Reached skill level 4 in Earth Magic
  1175 | D:1      | Found a faded altar of an unknown god.
  1612 | D:2      | Reached XP level 4. HP: 24/24 MP: 5/7
  1879 | D:2      | Identified the +7 whip "Exzineutt" {freeze, rN+ Stlth+}
  1978 | D:2      | Learned a level 3 spell: Stone Arrow
  1983 | D:2      | Learned a level 4 spell: Petrify
  2427 | D:3      | Reached XP level 5. HP: 19/28 MP: 7/9
  2465 | D:3      | Reached skill level 1 in Transmutations
  2525 | D:3      | Found a glowing drain.
  2538 | Sewer    | Entered a sewer
  2645 | Sewer    | Reached skill level 1 in Fighting
  2774 | Sewer    | Reached XP level 6. HP: 31/34 MP: 3/10
  3095 | Sewer    | Reached skill level 1 in Maces & Flails
  3096 | Sewer    | Reached skill level 5 in Earth Magic
  3430 | D:3      | Reached XP level 7. HP: 38/38 MP: 9/11
  3939 | D:4      | Found a staircase to the Ecumenical Temple.
  3948 | Temple   | Entered the Ecumenical Temple
  4024 | Temple   | Became a worshipper of Vehumet
  4204 | D:4      | Found a basalt altar of Yredelemnul.
  4356 | D:4      | Found a glowing golden altar of the Shining One.
  4565 | D:4      | Found Istryahof's Distillery.
  4809 | D:4      | Noticed an angel
  4846 | D:5      | Entered Level 5 of the Dungeon
  5505 | D:5      | Reached * piety under Vehumet
  5505 | D:5      | Offered knowledge of Magic Dart by Vehumet.
  5508 | D:5      | Learned a level 1 spell: Magic Dart
  5836 | D:6      | Reached XP level 8. HP: 19/44 MP: 6/13
  6124 | D:6      | Reached skill level 5 in Stealth
  6454 | D:6      | Noticed Sigmund
  6459 | D:6      | Killed Sigmund
  6460 | D:6      | Reached skill level 6 in Earth Magic
  6584 | D:7      | Found a runed translucent door.
  6585 | D:7      | Noticed Crazy Yiuf
  6619 | D:7      | Found a blossoming altar of Fedhas.
  7044 | D:7      | Found Xeur's Jewellery Boutique.
  7072 | D:7      | Reached skill level 1 in Evocations
  7680 | D:7      | Killed Crazy Yiuf
  7854 | D:8      | Found a shimmering altar of Xom.
  7857 | D:8      | Reached XP level 9. HP: 46/49 MP: 12/15
  7948 | D:8      | Reached skill level 5 in Conjurations
  8294 | D:8      | Found a sparkling altar of Nemelex Xobeh.
  8300 | D:8      | Found a bloodstained altar of Trog.
  8365 | D:8      | Found Roxzoil's Jewellery Shoppe.
  8686 | D:8      | Offered knowledge of Freeze by Vehumet.
  8814 | D:9      | Found a white marble altar of Elyvilon.
  8814 | D:9      | Found an opulent altar of Gozag.
  8815 | D:9      | Found a stormy altar of Qazlal.
  8815 | D:9      | Found an iron altar of Okawaru.
  8815 | D:9      | Found an ancient bone altar of Kikubaaqudgha.
  8815 | D:9      | Found a shadowy altar of Dithmenos.
  8827 | D:9      | Reached ** piety under Vehumet
  8832 | D:9      | Reached skill level 5 in Spellcasting
  8832 | D:9      | Reached skill level 7 in Earth Magic
  8933 | D:9      | Noticed a hornet
  8939 | D:9      | Killed a hornet
  9013 | D:9      | Noticed a two-headed ogre
  9019 | D:9      | Slain by a two-headed ogre

Illustrated notes

Levels and vault maps discovered:
D:1:      minmay_arrival_glassed_features, layout_loops_corners,
          chequers_ecumenical_altar_lobes
D:2:      layout_basic
D:3:      layout_rooms, gup_sewer_entry_pipe, corexii_shack
D:4:      layout_basic, grunt_temple_overflow_holy_war,
          minmay_temple_entry_fiery, serial_shops,
          nicolae_shop_advertising_works [nicolae_subvault_shop_adworks],
          chequers_big_river, minmay_misc_feat_rows
D:5:      layout_loops_ring
D:6:      layout_rooms, uniq_sigmund
D:7:      layout_loops_ring, mainiacjoe_overflow_concentric_impassable,
          serial_shops, nicolae_shop_hallway_plus, minivault_26,
          kennysheep_dice, uniq_crazy_yiuf_cottage
D:8:      layout_loops_ring, mainiacjoe_overflow_boulevard,
          mainiacjoe_overflow_big_doors, serial_shops, shop
D:9:      minmay_the_grid_4x2 [minmay_the_grid_square_x, minmay_the_grid_garden,
          minmay_the_grid_minigrid_small_alt, minmay_the_grid_tree,
          minmay_the_grid_box_x, minmay_the_grid_paths,
          minmay_the_grid_stretched_grid, minmay_the_grid_prize_four_corners],
          layout_basic, grunt_temple_overflow_open, worms_lemuel
Temple:   hellmonk_temple_micro_hex

Skill      XL: |  1  2  3  4  5  6  7  8  9 |
---------------+----------------------------+-----
Conjurations   | 1 2 3 4 5 |  5.6
Earth Magic    | 4 5 6 7 |  7.2
Stealth        | 3 4 5 6 |  6.5
Dodging        | 2 3 |  3.5
Transmutations | 1 2 |  2.8
Fighting       | 1 2 3 |  3.4
Spellcasting   | 3 4 5 |  5.1
Maces & Flails | 1 2 3 |  3.1
Evocations     | 1 2 |  2.1

Action                   |  1- 3 |  4- 6 |  7- 9 || total
-------------------------+-------+-------+-------++-------
Melee: Flail             |     4 |       |       ||     4
       Whip              |       |    27 |     1 ||    28
       Punch             |       |     1 |       ||     1
Throw: Throwing net      |       |       |     1 ||     1
 Cast: Sandblast         |    43 |    93 |   152 ||   288
       Stone Arrow       |       |       |    36 ||    36
       Magic Dart        |       |       |     6 ||     6
Evoke: Wand              |       |       |     2 ||     2
  Use: Scroll            |       |    10 |     3 ||    13
       Potion            |       |     5 |       ||     5
Armor: Robe              |       |   101 |    24 ||   125
       Acid dragon scale |       |       |    12 ||    12
Dodge: Dodged            |     7 |   133 |    61 ||   201
